caesar, neutral male human Barbarian ------ ----- |....| |...| |.`..----.`.| |.`...I...`.| |.=--->---`.| |---------.--- |..^^^<|.....| |..----|`....| --^| |.`...| |^-----.`...| |..^^^^`.`..| |..---------- ---- caesar the Bandit Experience level: 6 Strength: 18/01 Dexterity: 16 Constitution: 18 Intelligence: 7 Wisdom: 8 Charisma: 6 Health: 0(60) Energy: 14(14) Def: 9 Gold: 990 Moves: 4823 Dungeon seed: HGOQs42OBaNUPBij Game ID: caesar_1512522859 Your Inventory: Coins $ - 990 gold pieces Weapons a - a blessed +0 two-handed sword (weapon in hands) B - a +0 axe (alternate weapon; not wielded) Armor e - an uncursed +0 ring mail (being worn) n - a blessed +1 elven cloak C - an uncursed +0 dwarvish iron helm (being worn) N - an uncursed +0 pair of iron shoes (being worn) Y - a blessed +2 dwarvish cloak (being worn) Scrolls f - an uncursed scroll of teleportation p - an uncursed scroll of earth E - an uncursed scroll of remove curse H - an uncursed scroll of magic mapping Spellbooks w - a cursed spellbook of slow monster y - an uncursed spellbook of knock Potions d - an uncursed potion of levitation i - an uncursed potion of water k - an uncursed potion of booze named bfis t - a blessed potion of booze A - an uncursed potion of confusion G - an uncursed potion of healing I - an uncursed potion of enlightenment Rings h - a cursed -1 ring of adornment Tools b - a +0 pick-axe F - an uncursed tin whistle Spells and supernatural/magical abilities: Name Level Category Fail Memory W - pray for help -- divine ? -- Your skills at the end: Fighting Skills bare handed combat [Basic] Weapon Skills axe [Basic] two-handed sword [Skilled] Spellcasting Skills Final Attributes: You were piously aligned. You were poison resistant. You are dead. Vanquished creatures: a leprechaun a gnome king a snake a bugbear an imp a rock mole a yellow light 2 shriekers a gnome lord a kobold mummy 2 giant ants 2 dwarves 3 hill orcs 2 rothes a centipede a monkey an iguana an acid blob a hobbit 6 manes a large kobold 2 giant rats a cave spider 2 yellow molds 8 gnomes a gnome zombie 2 geckos 11 jackals 3 goblins 4 grid bugs 3 bats 5 lichens 2 kobold zombies 14 newts 90 creatures vanquished. Voluntary challenges: You had been an atheist until turn 3564. You used a wielded weapon 81 times, starting on turn 52. You read items or engraved 6 times, starting on turn 3108. You never genocided any monsters. You never polymorphed an object. You never changed form. You used no wishes. You never split a pudding. You never wrote Elbereth's name. You violated your moral code, losing 10 points of alignment, starting on turn 1658. Dungeon overview: The Dungeons of Doom: levels 1 to 9 Level 1 a fountain a long staircase Level 2 a potion shop Level 3 a jewelry store, a fountain Level 4 some fountains stairs to The Gnomish Mines Level 5 a fountain Level 6 a fountain Level 7 some fountains Level 8 Level 9 stairs to Sokoban The Gnomish Mines: levels 5 to 6 Level 5 stairs to The Dungeons of Doom Level 6 Sokoban: Level 8 <- You were here stairs to The Dungeons of Doom History has recorded: On T:1 you entered the Dungeons of Doom to retrieve the Amulet of Yendor! On T:216 you reached level 2 of The Dungeons of Doom. On T:860 you advanced to experience level 2. On T:874 you reached level 3 of The Dungeons of Doom. On T:1277 you reached level 4 of The Dungeons of Doom. On T:1370 you advanced to experience level 3. On T:1751 you reached level 1 of The Gnomish Mines. On T:1952 you reached level 5 of The Dungeons of Doom. On T:2125 you reached level 6 of The Dungeons of Doom. On T:2140 you advanced to experience level 4. On T:2652 you reached level 7 of The Dungeons of Doom. On T:2920 you advanced to experience level 5. On T:2954 you reached level 2 of The Gnomish Mines. On T:4172 you advanced to experience level 6. On T:4356 you reached level 8 of The Dungeons of Doom. On T:4500 you reached level 9 of The Dungeons of Doom. On T:4571 you reached level 4 of Sokoban. Score breakdown: Gold: 990 (10191 points) Experience: 6 levels (12456 points) Exploration: 9 levels ( 18.75%) (12377 points) Discoveries: 5 items ( 2.03%) ( 4276 points) Valuables value: (no points given unless you survive) Artifact value: 0 ( 0 points) Variety of kills: 34 monsters ( 8.92%) ( 8961 points) Turncount: 4823 turns (-1301 points) Survival: died (score multiplied by 80%) Total score: 37568 Latest messages: You come to. You faint from lack of food. You come to. You faint from lack of food. You come to. You faint from lack of food. You come to. You faint from lack of food. You come to. You faint from lack of food. It bites! It hits! It bites! It hits! It bites! It hits! It bites! It hits! It bites! It hits! It bites! You die... Final status: Goodbye caesar the Barbarian, killed by a crocodile, while fainted from lack of food... You died in Sokoban on dungeon level 8 with 37568 points, and 990 pieces of gold, after 4823 moves. You were level 6 with a maximum of 60 hit points when you died.